 Dungeon Sprint DCSS version 0.23-a0-451-g1044d4c (webtiles) character file.

547 Dfrag the Blocker (level 7, -1/64 HPs)
             Began as a Formicid Fighter on Nov 23, 2018.
             Was a Believer of Makhleb.
             Killed by mirror damage (2 damage)
             ... in the Dungeon (Sprint IX: "|||||||||||||||||||||||||||||").
             The game lasted 00:01:53 (661 turns).

Dfrag the Blocker (Formicid Fighter)                 Turns: 661, Time: 00:01:54

Health: -1/64      AC: 20    Str: 30    XL:     7   Next: 53%
Magic:  7/7        EV:  9    Int:  8    God:    Makhleb [**....]
Gold:   0          SH: 13    Dex: 13    Spells: 6/6 levels left

rFire    . . .     SeeInvis +   p - +4 quarterstaff (protect)
rCold    . . .     Gourm    .   c - +0 shield
rNeg     . . .     Faith    .   r - +1 chain mail
rPois    .         Spirit   .   (helmet unavailable)
rElec    .         Reflect  .   q - +0 cloak
rCorr    .         Harm     .   (no gloves)
MR       .....                  (no boots)
Stlth    ..........             (no amulet)
HPRegen  0.20/turn              s - +3 ring of strength
MPRegen  0.10/turn              t - +3 ring of dexterity

@: mighty, protection aura, very slightly contaminated, invisible
A: permanent stasis, dig shafts and tunnels, four strong arms, antennae 3
a: Dig, Minor Destruction, Renounce Religion


You were in the Dungeon.
You worshipped Makhleb.
Makhleb was pleased with you.
You were not hungry.

You visited 1 branch

Inventory:

Hand Weapons
 a - a +0 flail
 p - a +4 quarterstaff of protection (weapon)
Armour
 b - a +0 scale mail
 c - a +0 shield (worn)
 q - a +0 cloak (worn)
 r - a +1 chain mail (worn)
Jewellery
 s - a +3 ring of strength (left hand)
 t - a +3 ring of dexterity (right hand)
Wands
 o - a wand of iceblast (10)
Scrolls
 k - 2 scrolls of blinking
 m - 3 scrolls of remove curse
 n - 2 scrolls of amnesia
Potions
 e - 5 potions of curing
 h - a potion of haste
 i - 4 potions of magic
 j - a potion of berserk rage
 l - a potion of heal wounds
Comestibles
 f - a ration


   Skills:
 + Level 9.0 Fighting
 + Level 7.9 Maces & Flails
 + Level 9.0 Armour
 + Level 9.8 Shields


You had 6 spell levels left.
You didn't know any spells.
Your spell library was empty.

Dungeon Overview and Level Annotations

Branches:
Dungeon (1/1)

Altars:
Cheibriados
Dithmenos
Elyvilon
Fedhas
Gozag
Hepliaklqana
Kikubaaqudgha
Makhleb
Nemelex Xobeh
Okawaru
Qazlal
Ru
Sif Muna
Trog
Uskayaw
Vehumet
Wu Jian
Xom
Yredelemnul
Zin
The Shining One
Beogh
Jiyva
Lugonu


Innate Abilities, Weirdness & Mutations

You cannot be hasted, slowed, berserked, paralysed or teleported.
You can dig through walls and to a lower floor.
Your four strong arms can wield two-handed weapons with a shield.
You have a pair of large antennae on your head. (SInv)


Message History

The death knight reflects your damage back at you!
* * * LOW HITPOINT WARNING * * *
The death knight closely misses you.
You strike the helpless death knight from behind!
You hit the death knight but do no damage.
The death knight is severely wounded.
You block the death knight's attack.
You hit the death knight but do no damage.
The death knight is severely wounded.
You block the death knight's attack.
You bludgeon the death knight!!
The death knight is almost dead.
The death knight reflects your damage back at you!
* * * LOW HITPOINT WARNING * * *
You block the death knight's attack.
You catch the helpless death knight completely off-guard!
You hit the death knight.
The death knight is almost dead.
The death knight reflects your damage back at you!
You die... {{{{{{{ ▓▓▓▓▓▓▓▓▓▓▓▓▓▓▓▓▓▓▓▓▓▓▓ +.Joap@'(....)†(..[.)|. ▓▓▓▓▓▓▓▓▓▓▓▓▓▓▓▓▓▓▓▓▓▓▓

You could see a death knight, a jelly, a worker ant and an orc.

Vanquished Creatures
  An ice beast (D)
  A sky beast (D)
  2 centaurs (D)
  A killer bee (D)
  A howler monkey (D)
  A hound (D)
  2 jellies (D)
  An iguana (D)
  A shadow imp (D)
  A leopard gecko (D)
  An orc (D)
  A hobgoblin (D)
  A ball python zombie (D)
  A goblin (D)
  2 rats (D)
18 creatures vanquished.

Vanquished Creatures (others)
  A spatial maelstrom (D)
1 creature vanquished.

Grand Total: 19 creatures vanquished

Notes
Turn   | Place    | Note
-------+----------+-------------------------------------------
     0 | D        | Dfrag the Formicid Fighter began the quest for the Orb.
     0 | D        | Reached XP level 1. HP: 18/18 MP: 1/1
    11 | D        | Banished a spatial maelstrom
   165 | D        | Noticed a jelly
   165 | D        | Noticed a sky beast
   165 | D        | Noticed an iguana
   168 | D        | Reached XP level 2. HP: 24/25 MP: 2/2
   177 | D        | Reached skill level 5 in Shields
   177 | D        | Reached XP level 3. HP: 29/31 MP: 3/3
   194 | D        | Killed a sky beast
   194 | D        | Reached skill level 5 in Maces & Flails
   194 | D        | Reached XP level 4. HP: 7/40 MP: 4/4
   194 | D        | Reached XP level 5. HP: 8/46 MP: 5/5
   404 | D        | Found a roughly hewn altar of Beogh.
   404 | D        | Found a snail-covered altar of Cheibriados.
   404 | D        | Found a shadowy altar of Dithmenos.
   404 | D        | Found a white marble altar of Elyvilon.
   404 | D        | Found a blossoming altar of Fedhas.
   404 | D        | Found an opulent altar of Gozag.
   405 | D        | Found a hazy altar of Hepliaklqana.
   406 | D        | Found a viscous altar of Jiyva.
   407 | D        | Found an ancient bone altar of Kikubaaqudgha.
   408 | D        | Found a corrupted altar of Lugonu.
   409 | D        | Found a burning altar of Makhleb.
   410 | D        | Found a sparkling altar of Nemelex Xobeh.
   411 | D        | Found an iron altar of Okawaru.
   412 | D        | Found a stormy altar of Qazlal.
   413 | D        | Found a sacrificial altar of Ru.
   414 | D        | Found a deep blue altar of Sif Muna.
   415 | D        | Found a bloodstained altar of Trog.
   416 | D        | Found a hide-covered altar of Uskayaw.
   417 | D        | Found a radiant altar of Vehumet.
   419 | D        | Became a worshipper of Makhleb the Destroyer
   421 | D        | Found an ornate altar of the Wu Jian Council.
   422 | D        | Found a shimmering altar of Xom.
   423 | D        | Found a basalt altar of Yredelemnul.
   424 | D        | Found a glowing silver altar of Zin.
   425 | D        | Found a glowing golden altar of the Shining One.
   487 | D        | Noticed an ice beast
   487 | D        | Noticed a centaur
   492 | D        | Reached XP level 6. HP: 44/55 MP: 6/6
   500 | D        | Reached * piety under Makhleb
   515 | D        | Killed an ice beast
   515 | D        | Reached XP level 7. HP: 40/63 MP: 7/7
   518 | D        | Reached ** piety under Makhleb
   632 | D        | Noticed a death knight
   660 | D        | HP: 1/64 [mirror damage (12)]
   661 | D        | Killed by mirror damage

Vault maps used:
D:        linesprint

Skill      XL: |  1  2  3  4  5  6  7 |
---------------+----------------------+-----
Shields        | 4 5 6 7 9 |  9.8
Fighting       | 4 6 7 8 9 |  9.0
Maces & Flails | 3 5 6 7 |  7.9
Armour         | 4 6 7 8 9 |  9.0

Action                   |  1- 3 |  4- 6 |  7- 9 || total
-------------------------+-------+-------+-------++-------
Melee: Flail             |    39 |     7 |       ||    46
       Quarterstaff      |       |    27 |    27 ||    54
  Use: Potion            |       |     1 |     3 ||     4
 Stab: Invisible         |       |       |     2 ||     2
Armor: Scale mail        |    11 |     1 |       ||    12
       Chain mail        |       |    14 |     3 ||    17
Dodge: Dodged            |     8 |    12 |     4 ||    24
Block: Shield            |    17 |    19 |    12 ||    48

Table legend:
 A = Non-vault XP
 B = Vault XP
 C = Vault XP percentage of total XP
 D = Non-vault monster count
 E = Vault monster count
 F = Vault count percentage of total count
                 A         B        C        D         E       F
            +---------+---------+-------+---------+---------+-------
      Total |       0 |     782 | 100.0 |       0 |      18 | 100.0
            +---------+---------+-------+---------+---------+-------
          D |       0 |     782 | 100.0 |       0 |      18 | 100.0
            +---------+---------+-------+---------+---------+-------
